 Dungeon Crawl Stone Soup version 0.21.1-1-g345015f (webtiles) character file.

10560 VersusAllOdds the Fighter (level 11, -1/101 HPs)
             Began as a Hill Orc Fighter on July 29, 2018.
             Was a Believer of Wu Jian.
             Killed from afar by an electric eel (7 damage)
             ... with a bolt of electricity
             ... on level 12 of the Dungeon.
             The game lasted 01:18:09 (19701 turns).

VersusAllOdds the Fighter (Hill Orc Fighter)       Turns: 19701, Time: 01:18:11

Health: -1/101     AC: 17    Str: 21    XL:     11   Next: 64%
Magic:  13/13      EV:  7    Int: 10    God:    Wu Jian [**....]
Gold:   830        SH:  3    Dex: 10    Spells: 10/10 levels left

rFire    + . .     SeeInvis .   Q - +2 great sword (slice)
rCold    . . .     Gourm    .   (shield currently unavailable)
rNeg     . . .     Faith    .   F - +0 plate armour
rPois    +         Spirit   .   z - +0 hat {MR+}
rElec    .         Reflect  +   d - +1 cloak {rPois}
rCorr    +         Harm     .   (no gloves)
MR       +....                  (no boots)
Stlth    ..........             t - +3 amulet of reflection
HPRegen  0.26/turn              m - ring of protection from fire
MPRegen  0.13/turn              C - ring of resist corrosion

@: very slow
A: no striking features
a: Wall Jump, Renounce Religion


You were on level 12 of the Dungeon.
You worshipped Wu Jian.
Wu Jian was pleased with you.
You were not hungry.

You visited 2 branches of the dungeon, and saw 13 of its levels.

You collected 830 gold pieces.

Inventory:

Hand Weapons
 a - a +2 long sword
 Q - a +2 great sword of slicing (weapon)
Armour
 c - a +0 shield
 d - a +1 cloak of poison resistance (worn)
 z - a +0 hat of magic resistance (worn)
 B - a +1 cloak of magic resistance
 F - a +0 plate armour (worn)
 G - a +0 chain mail
Jewellery
 m - a ring of protection from fire (left hand)
 r - an uncursed ring of stealth
 t - a +3 amulet of reflection (around neck)
 C - a ring of resist corrosion (right hand)
Wands
 u - a wand of flame (36)
 y - a wand of disintegration (21)
 I - a wand of scattershot (5)
 O - a wand of acid (8)
Scrolls
 i - 4 scrolls of teleportation
 k - 13 scrolls of remove curse
 l - a scroll of identify
 s - a scroll of immolation
 w - 2 scrolls of magic mapping
 x - a scroll of fear
 K - 2 scrolls of amnesia
 M - a scroll of blinking
 N - a scroll of enchant weapon
Potions
 b - a potion of ambrosia
 e - a potion of magic
 g - 2 potions of brilliance
 h - a potion of haste
 j - a potion of lignification
 n - 2 potions of mutation
 p - 3 potions of curing
 v - a potion of flight
 A - a potion of degeneration
 E - a potion of might
 H - a potion of agility {unknown}
 J - a potion of cancellation
 L - a potion of berserk rage
 P - a potion of experience {unknown}
Books
 q - a book of Maledictions

   Spells                             Type                      Level
   a - Corona                         Hexes                        1
   b - Ensorcelled Hibernation        Hexes/Ice                    2
   c - Confuse                        Hexes                        3
   d - Tukima's Dance                 Hexes                        3
   e - Dazzling Spray                 Conjuration/Hexes            3
 D - a book of Power

   Spells                             Type                      Level
   a - Iskenderun's Battlesphere      Conjuration/Charms           5
   b - Venom Bolt                     Conjuration/Poison           5
   c - Bolt of Magma                  Conjuration/Fire/Earth       5
   d - Iron Shot                      Conjuration/Earth            6
   e - Orb of Destruction             Conjuration                  7
   f - Spellforged Servitor           Conjuration/Summoning        7
Comestibles
 f - 15 rations


   Skills:
 + Level 10.8 Fighting
 + Level 10.1 Long Blades
 + Level 10.3 Armour
 - Level 1.0 Dodging
 + Level 10.2 Shields
 + Level 3.3 Evocations


You had 10 spell levels left.
You didn't know any spells.

Dungeon Overview and Level Annotations

Branches:
Dungeon (12/15)            Temple (1/1) D:7            Lair (0/6) D:10
    Orc: D:9-12

Altars:
Ashenzari
Cheibriados
Dithmenos
Elyvilon
Fedhas
Gozag
Hepliaklqana
Kikubaaqudgha
Makhleb
Nemelex Xobeh
Okawaru
Qazlal
Ru
Sif Muna
Trog
Uskayaw
Vehumet
Wu Jian
Xom
Yredelemnul
Zin
The Shining One
Lugonu

Shops:
D:7 (   D:8 %

Annotations:
D:6 Ymberto's ghost, novice NaTm
D:7 1 exclusion
D:9 1 transporter
D:12 Kirke


Message History

Okay, then.
You feel better.
The bullfrog hits you but does no damage.
The electric eel shoots out a bolt of lightning at you!
The bolt of electricity hits you!
* * * LOW HITPOINT WARNING * * *
The bolt of electricity hits you!
* * * LOW HITPOINT WARNING * * *
The bolt of electricity hits the electric eel.
The electric eel completely resists.
The bolt of electricity hits the electric eel.
The electric eel completely resists.
The electric eel shoots out a bolt of lightning at you!
The bolt of electricity hits the bullfrog.
The bolt of electricity hits you! The bolt of electricity misses you.
Something completely misses the plant.
The bullfrog closely misses you.
The electric eel shoots out a bolt of lightning at you!
The bolt of electricity hits the electric eel.
The electric eel completely resists.
The bolt of electricity hits you!
You die...

#≈♣≈≈≈♣≈≈≈≈≈≈≈≈≈≈ ≈≈≈≈
#♣♣P≈≈≈≈≈≈≈≈≈≈≈≈≈≈ ≈W
≈
#♣≈≈P≈≈≈≈≈≈≈≈≈≈≈≈≈≈≈≈≈
♣ #≈≈P♣P≈≈P≈≈≈≈≈≈≈
♣≈≈P≈≈≈≈≈≈≈≈≈≈
♣≈P≈;≈≈≈;≈≈≈≈≈
#♣♣≈≈≈≈≈≈≈≈≈≈≈
#≈F♣;≈≈≈≈≈≈≈
##♣@♣≈≈≈≈≈≈≈ ♣≈
##♣≈≈♣≈♣≈♣ ♣♣ #.#♣≈♣≈
##. .# #.. ... .. ..
... ### ## #. .#..
.....####


You could see a bullfrog and 3 electric eels.

Vanquished Creatures
  2 two-headed ogres (D:10)
  A skeletal warrior (D:12)
  An ugly thing (D:10)
  2 cyclopes (D:11)
  Joseph (D:7)
  A gargoyle (D:10)
  A centaur skeleton (D:10)
  A troll (D:10)
  Prince Ribbit (D:5)
  Grinder (D:5)
  2 hippogriffs
  Sigmund (D:5)
  A wyvern (D:9)
  A hungry ghost (D:11)
  The ghost of kyoneko the Grasshopper, an amateur BaWr of Makhleb (D:3)
  3 steam dragons
  A basilisk (D:12)
  A water moccasin (D:11)
  2 acid dragons (D:11)
  Duvessa (D:7)
  An eye of draining (D:9)
  2 black bears
  7 orc warriors
  A sky beast (D:5)
  An ice beast (D:5)
  4 ogres
  A phantom (D:9)
  A centaur (D:5)
  A crocodile (D:8)
  4 bullfrogs
  A big kobold (D:10)
  A water moccasin zombie (D:11)
  Dowan (D:7)
  3 scorpions
  5 killer bees (D:9)
  5 wights (D:8)
  2 howler monkeys
  3 crimson imps
  A bullfrog zombie (D:10)
  2 bullfrog skeletons
  6 hounds
  A jelly (D:11)
  4 orc priests
  11 orc wizards
  Crazy Yiuf (D:4)
  2 iguanas
  Terence (D:2)
  9 worker ants
  2 hound zombies
  A hound skeleton (D:11)
  A worker ant zombie (D:3)
  A howler monkey skeleton (D:5)
  6 gnolls
  12 adders
  A shadow imp (D:11)
  An ooze (D:4)
  An adder zombie (D:10)
  2 adder skeletons
  A dart slug (D:1)
  5 leopard geckos
  35 orcs
  4 giant cockroaches
  16 goblins
  8 hobgoblins
  15 jackals
  A quokka (D:4)
  4 bats
  4 frilled lizards
  11 kobolds
  A leopard gecko skeleton (D:7)
  A quokka skeleton (D:8)
  2 quokka zombies (D:8)
  5 rats
249 creatures vanquished.

Vanquished Creatures (others)
  A centaur (D:9)
  2 orcs
  A kobold (D:10)
  A plant (D:12)
5 creatures vanquished.

Grand Total: 254 creatures vanquished

Notes
Turn   | Place    | Note
-------+----------+-------------------------------------------
     0 | D:1      | VersusAllOdds the Hill Orc Fighter began the quest for the Orb.
     0 | D:1      | Reached XP level 1. HP: 19/19 MP: 1/1
   127 | D:1      | Reached XP level 2. HP: 16/27 MP: 2/2
   744 | D:2      | Reached XP level 3. HP: 33/33 MP: 3/3
   930 | D:2      | Noticed Terence
   938 | D:2      | Killed Terence
   938 | D:2      | Reached XP level 4. HP: 36/40 MP: 4/4
  1029 | D:2      | Found a glowing silver altar of Zin.
  1452 | D:2      | Reached XP level 5. HP: 40/46 MP: 5/5
  2408 | D:3      | Reached skill level 1 in Dodging
  2835 | D:3      | Reached XP level 6. HP: 49/53 MP: 6/6
  2862 | D:3      | Noticed kyoneko's ghost (amateur BaWr)
  2939 | D:3      | Killed kyoneko's ghost
  3328 | D:4      | Reached skill level 5 in Armour
  3926 | D:4      | Found a runed door.
  3930 | D:4      | Noticed Crazy Yiuf
  3943 | D:4      | Killed Crazy Yiuf
  3943 | D:4      | Reached skill level 5 in Fighting
  3943 | D:4      | Reached XP level 7. HP: 22/61 MP: 7/7
  4562 | D:5      | Entered Level 5 of the Dungeon
  5032 | D:5      | Noticed Sigmund
  5150 | D:5      | Reached skill level 5 in Shields
  5361 | D:5      | Reached skill level 5 in Long Blades
  6001 | D:5      | Noticed Grinder
  6013 | D:5      | Killed Grinder
  6013 | D:5      | Reached XP level 8. HP: 60/70 MP: 8/8
  6300 | D:5      | Killed Sigmund
  7091 | D:6      | Noticed Prince Ribbit
  7091 | D:6      | Noticed Ymberto's ghost (novice NaTm)
  7150 | D:5      | Killed Prince Ribbit
  8579 | D:7      | Noticed a hippogriff
  8581 | D:7      | Reached XP level 9. HP: 79/79 MP: 9/9
  8691 | D:7      | Noticed Duvessa
  8691 | D:7      | Noticed Dowan
  8792 | D:7      | Found a staircase to the Ecumenical Temple.
  9374 | D:7      | Noticed Joseph
  9399 | D:7      | Killed Joseph
 10013 | D:7      | Killed Dowan
 10036 | Temple   | Entered the Ecumenical Temple
 10109 | Temple   | Became a worshipper of the Wu Jian Council
 10194 | D:7      | Killed Duvessa
 10232 | D:7      | Found Saubouf's Weapon Boutique.
 11676 | D:8      | Found Qepimem's Food Shop.
 12260 | D:8      | Found a blossoming altar of Fedhas.
 12266 | D:8      | Reached XP level 10. HP: 83/90 MP: 10/10
 12622 | D:9      | Found a corrupted altar of Lugonu.
 12904 | D:9      | Found a transporter.
 13034 | D:10     | Entered Level 10 of the Dungeon
 13920 | D:10     | Noticed a gargoyle
 13930 | D:10     | Killed a gargoyle
 14079 | D:10     | Found a staircase to the Lair.
 14239 | D:10     | Noticed a two-headed ogre
 14515 | D:10     | Reached * piety under Wu Jian
 15579 | D:10     | Noticed a two-headed ogre
 16359 | D:10     | Noticed a white ugly thing
 16672 | D:10     | Killed a two-headed ogre
 16672 | D:10     | Reached skill level 10 in Fighting
 16827 | D:10     | Reached XP level 11. HP: 85/99 MP: 11/11
 16952 | D:10     | Killed a two-headed ogre
 16952 | D:10     | Reached skill level 1 in Evocations
 17011 | D:10     | Found an opulent altar of Gozag.
 17098 | D:10     | Killed a white ugly thing
 17098 | D:10     | Reached ** piety under Wu Jian
 17890 | D:11     | Found the +8 glaive of the Guard {elec, +Rage AC+5 SInv}
 18121 | D:11     | Reached skill level 10 in Armour
 18123 | D:11     | Noticed a cyclops
 18142 | D:11     | Killed a cyclops
 18377 | D:11     | Noticed a cyclops
 18417 | D:10     | Reached skill level 10 in Shields
 18775 | D:11     | Killed a cyclops
 19290 | D:12     | Reached skill level 10 in Long Blades
 19325 | D:12     | Noticed a skeletal warrior
 19331 | D:12     | Noticed Kirke
 19331 | D:12     | Killed a skeletal warrior
 19335 | D:12     | Noticed a skeletal warrior
 19351 | D:12     | Noticed a sphinx
 19363 | D:12     | Noticed a manticore
 19701 | D:12     | Killed from afar by an electric eel

Skill      XL: |  1  2  3  4  5  6  7  8  9 10 11 |
---------------+----------------------------------+-----
Fighting       | 4 5 6 7 8 10 | 10.8
Long Blades    | 3 4 5 6 8 9 10 | 10.1
Shields        | 4 5 6 8 9 10 | 10.2
Armour         | 4 5 7 8 9 10 | 10.3
Dodging        | 1 |  1.0
Evocations     | 3 |  3.3

Action                   |  1- 3 |  4- 6 |  7- 9 | 10-12 || total
-------------------------+-------+-------+-------+-------++-------
Melee: Long sword        |    97 |   272 |   466 |   587 ||  1422
       Great sword       |       |       |       |    41 ||    41
Invok: Lunge             |       |       |     6 |    19 ||    25
       Whirlwind         |       |       |       |     4 ||     4
Evoke: Wand              |       |       |       |    16 ||    16
  Use: Scroll            |       |       |    20 |     8 ||    28
       Potion            |       |       |     2 |     3 ||     5
  Eat: Chunk             |       |     7 |     9 |    10 ||    26
       Ration            |       |     1 |     5 |     6 ||    12
Armor: Scale mail        |    48 |   103 |   163 |       ||   314
       Chain mail        |       |       |     8 |    14 ||    22
       Plate armour      |       |       |       |   219 ||   219
Dodge: Dodged            |    29 |    82 |   132 |   120 ||   363
Block: Shield            |    63 |   129 |   323 |   412 ||   927
       Reflection        |       |       |    11 |    20 ||    31
       Other             |       |       |       |    12 ||    12
       Rpst.: Long sword |     8 |    25 |    31 |    27 ||    91
       Great sword       |       |       |       |     9 ||     9
